Map: Mist Opportunities

Players

vdv

  • Race: Protoss Protoss
  • Spawn Location: 5:00

Shhhhhhh

  • Race: Terran Terran
  • Spawn Location: 6:00

VOD

Have the link to the VOD?

Description

Time

  • Played on: April 22, 2023, 10:47 a.m.
  • Length: 30:02
Show
View Real Time Build Order
Export as new Build Order

vdv Protoss 

Build Orders:  

Get SALT Encoding   

  12  0:03  Probe (Chrono Boost)  
  12  0:04  Dark Pylon  
  13  0:15  Probe (Chrono Boost)  
  14  0:28  Probe (Chrono Boost)  
  15  0:32  Assimilator  
  15  0:37  Assimilator  
  15  0:41  Probe (Chrono Boost)  
  16  0:54  Probe (Chrono Boost)  
  17  1:07  Probe (Chrono Boost)  
  17  1:08  Gateway  
  18  1:11  Dark Pylon  
  19  1:22  Probe (Chrono Boost)  
  19  1:38  Gateway  
  19  1:39  Probe (Chrono Boost)  
  20  1:56  Probe (Chrono Boost)  
  21  2:07  Centurion  
  22  2:13  Probe (Chrono Boost)  
  22  2:14  Cybernetics Core  
  25  2:30  Probe (Chrono Boost)  
  25  2:39  Gateway  
  25  2:45  Probe (Chrono Boost)  
  25  2:46  Centurion  
  28  3:04  Warp Gate  
  28  3:17  Twilight Council  
  28  3:23  Stargate  
  28  3:32  Pylon  
  28  3:34  Pylon  
  28  3:36  Pylon  
  28  4:10  Assimilator  
  28  4:25  Assimilator  
  28  4:30  Nexus  
  28  5:06  Shadow Charge  
  28  5:14  Centurion x3  
  30  5:27  Dark Pylon  
  30  5:36  Protoss Air Weapons Level 1  
  31  5:40  Probe (Chrono Boost)  
  31  5:44  Forge  
  31  5:52  Centurion x2  
  31  5:57  Probe (Chrono Boost)  
  36  6:06  Darkcoil  
  40  6:14  Probe (Chrono Boost)  
  37  6:20  Fleet Beacon  
  37  6:24  Probe (Chrono Boost)  
  39  6:31  Probe (Chrono Boost)  
  39  6:35  Oracle  
  39  6:36  Probe (Chrono Boost)  
  40  6:48  Probe (Chrono Boost)  
  40  6:49  Dark Pylon  
  44  7:05  Probe x2 (Chrono Boost)  
  46  7:12  Protoss Ground Weapons Level 1  
  46  7:13  Stealth Drive  
  46  7:17  Oracle, Probe (Chrono Boost)  
  46  7:18  Probe (Chrono Boost)  
  48  7:30  Probe x2 (Chrono Boost)  
  50  7:44  Probe x2 (Chrono Boost)  
  55  7:58  Corsair  
  56  8:01  Probe (Chrono Boost)  
  58  8:16  Dark Shrine  
  58  8:18  Stasis Calibration  
  58  8:21  Pylon  
  58  8:26  Pylon  
  58  8:29  Pylon  
  58  8:31  Pylon  
  58  8:40  Oracle  
  58  8:52  Centurion x3  
  64  9:02  Oracle  
  61  9:22  Centurion  
  61  9:23  Centurion x2  
  61  9:32  Disruption Web  
  60  9:42  Corsair  
  56  9:59  Shadow Fury  
  56  10:08  Corsair  
  56  10:14  Stargate  
  58  10:21  Dark Templar x3  
  64  10:34  Corsair  
  64  10:49  Dark Pylon  
  64  10:59  Corsair  
  64  11:06  Oracle  
  66  11:12  Dark Templar x3  
  72  11:21  Protoss Air Weapons Level 2  
  72  11:28  Corsair, Oracle  
  74  11:34  Dark Templar Blink  
  74  11:36  Probe (Chrono Boost)  
  74  11:37  Probe (Chrono Boost)  
  80  11:53  Probe (Chrono Boost)  
  83  12:01  Dark Pylon  
  83  12:03  Corsair  
  83  12:04  Dark Templar  
  83  12:05  Dark Templar x2  
  91  12:18  Oracle  
  91  12:20  Corsair  
  91  12:25  Pylon x2  
  91  12:28  Pylon x2  
  91  12:29  Pylon  
  93  12:33  Pylon  
  93  12:34  Pylon  
  93  12:35  Void Stasis  
  93  12:37  Pylon  
  96  12:41  Pylon  
  96  12:51  Centurion x3  
  100  13:42  Corsair  
  100  13:52  Corsair  
  100  14:09  Corsair  
  102  14:24  Stargate  
  102  14:25  Corsair  
  102  14:28  Void Ray  
  108  15:00  Void Ray  
  112  15:12  Void Ray  
  116  15:44  Corsair  
  118  16:00  Void Ray  
  118  16:03  Corsair  
  122  16:10  Oracle  
  122  16:19  Corsair  
  122  16:34  Oracle  
  125  16:43  Dark Templar x3  
  125  16:49  Gateway  
  131  16:54  Gateway  
  131  16:57  Pylon  
  134  17:02  Void Ray  
  134  17:08  Protoss Air Weapons Level 3  
  134  17:18  Void Ray  
  128  17:24  Void Ray  
  122  17:46  Dark Pylon  
  122  17:51  Dark Templar x3  
  128  18:10  Centurion x2  
  129  18:39  Dark Templar x2  
  133  18:40  Dark Templar  
  133  18:45  Dark Templar  
  133  18:48  Centurion  
  139  19:21  Oracle  
  139  19:28  Centurion x4  
  139  19:29  Oracle x2  
  147  19:36  Centurion  
  149  19:43  Oracle  
  158  19:59  Oracle x2  
  158  20:05  Oracle  
  167  20:21  Dark Templar  
  167  20:22  Dark Templar x2  
  176  21:19  Protoss Air Armor Level 1  
  176  21:38  Corsair  
  170  21:48  Corsair x2  
  164  21:57  Protoss Ground Weapons Level 2  
  164  22:03  Corsair  
  166  22:22  Corsair x2  
  166  22:29  Corsair  
  170  22:33  Dark Pylon  
  170  22:36  Centurion x5  
  179  22:59  Oracle  
  171  23:07  Oracle x2  
  167  23:24  Oracle  
  176  23:31  Oracle  
  176  23:37  Oracle  
  179  23:54  Oracle  
  179  23:58  Protoss Air Armor Level 2  
  185  24:17  Oracle  
  188  24:25  Oracle x2  
  188  24:39  Oracle  
  200  25:16  Protoss Ground Weapons Level 3  
  196  28:06  Dark Templar x2  
Show
View Real Time Build Order
Export as new Build Order

Shhhhhhh Terran 

Build Orders:  

Get SALT Encoding   

  12  0:05  SCV  
  13  0:22  SCV  
  14  0:38  Barracks  
  14  0:39  SCV  
  15  0:51  Supply Depot  
  15  0:56  SCV  
  16  1:09  Refinery  
  16  1:11  SCV  
  17  1:22  Marine  
  17  1:26  SCV  
  18  1:36  Marine  
  18  1:38  SCV  
  20  1:48  Marine  
  21  1:50  SCV  
  23  2:07  Starport  
  23  2:24  Supply Depot  
  23  2:27  SCV  
  24  2:42  Marine  
  24  2:44  SCV  
  26  2:58  Marine  
  27  3:16  Marine  
  27  3:17  SCV  
  27  3:48  Marine  
  27  3:57  Fusion Core  
  27  3:59  SCV  
  29  4:02  Marine  
  29  4:05  Refinery  
  29  4:07  Starport Tech Lab  
  30  4:16  SCV  
  31  4:58  Supply Depot, Marine  
  31  5:00  Supply Depot  
  31  5:04  Orbital Command  
  32  5:11  Battlecruiser  
  31  5:45  Starport  
  31  5:47  SCV  
  32  6:04  SCV  
  32  6:08  Command Center  
  33  6:50  Battlecruiser  
  33  6:51  Starport Tech Lab  
  33  6:59  SCV  
  40  7:48  Engineering Bay  
  40  7:55  Battlecruiser  
  46  8:07  Orbital Command  
  46  8:28  Bunker  
  46  8:43  Battlecruiser  
  52  9:15  Barracks Tech Lab  
  52  9:26  Missile Turret  
  52  10:26  Supply Depot  
  52  10:27  Supply Depot  
  52  10:29  Supply Depot  
  52  10:31  Stabilizer Medpacks  
  52  10:32  Supply Depot  
  52  10:33  Supply Depot  
  52  10:36  Supply Depot  
  52  10:38  Supply Depot  
  52  10:40  Supply Depot  
  52  10:49  Battlecruiser  
  52  10:56  SCV  
  59  11:18  SCV  
  60  11:26  Refinery  
  60  11:31  Medic  
  60  11:35  SCV  
  63  11:41  Medic  
  65  11:52  SCV, Medic  
  68  12:08  SCV  
  69  12:25  SCV  
  70  12:38  Battlecruiser  
  70  12:39  Battlecruiser  
  70  12:47  SCV  
  83  12:59  Armory  
  83  13:04  SCV  
  84  13:21  SCV  
  73  13:46  Battlecruiser x2  
  85  14:05  Armory  
  67  14:41  Battlecruiser x2  
  79  15:23  Battlecruiser  
  79  15:29  SCV  
  86  15:46  SCV  
  87  16:01  Refinery  
  87  16:03  SCV  
  87  16:07  Advanced Optics  
  87  16:08  Afterburners  
  88  16:19  Battlecruiser  
  88  16:20  SCV  
  95  16:37  SCV  
  96  16:42  Supply Depot  
  96  16:44  Supply Depot  
  96  16:46  Supply Depot, Weapon Refit  
  96  16:49  Supply Depot  
  96  16:51  Supply Depot  
  96  16:53  Supply Depot  
  96  16:55  Supply Depot  
  96  16:57  Supply Depot  
  96  17:08  Terran Vehicle and Ship Weapons Level 1  
  96  17:10  SCV  
  97  17:27  SCV  
  98  17:44  SCV  
  99  18:01  SCV  
  99  18:06  Terran Vehicle And Ship Armor Level 1  
  100  18:18  SCV  
  101  18:54  Battlecruiser  
  101  18:55  Battlecruiser  
  113  19:37  Battlecruiser x2  
  125  20:20  Battlecruiser x2  
  137  20:31  Medic  
  139  20:55  Starport  
  139  21:02  Battlecruiser  
  139  21:03  Battlecruiser  
  151  21:20  Terran Vehicle and Ship Weapons Level 2, Terran Vehicle And Ship Armor Level 2  
  151  21:50  Starport  
  151  21:58  Battlecruiser  
  151  22:10  Starport Tech Lab  
  151  22:32  Battlecruiser  
  157  22:44  Starport Tech Lab  
  157  23:11  Battlecruiser  
  157  23:13  Battlecruiser  
  169  23:24  Supply Depot  
  169  23:26  Supply Depot  
  169  23:35  SCV  
  158  25:54  Battlecruiser x2  
  158  25:55  Battlecruiser x2  
  158  27:38  Battlecruiser x2  
  158  27:39  Battlecruiser x2  
  170  28:21  Battlecruiser x2  
Tags
 
Add a new tag
Caveats
  • Supply blocks, unpowered buildings, or Contaminate may cause inaccurate times.
  • Supply counts are checked every 10 seconds.